 Dungeon Crawl Stone Soup version 0.27-a0-1065-ge809cff456 (webtiles) character file.

Game seed: 16666540893605727210

4928 tilp the Slicer (level 10, -2/51 HPs)
             Began as a Vine Stalker Brigand on Apr 22, 2021.
             Was a Follower of Uskayaw.
             Slain by a hornet (5 damage)
             ... on level 8 of the Dungeon.
             The game lasted 00:16:01 (8074 turns).

tilp the Slicer (Vine Stalker Brigand)              Turns: 8074, Time: 00:16:02

Health: -2/51      AC: 13    Str: 14    XL:     10   Next: 52%
Magic:  0/16       EV: 11    Int: 11    God:    Uskayaw [*.....]
Gold:   133        SH:  7    Dex: 19    Spells: 9/9 levels left

rFire    + . .     SeeInvis .   a - +2 dagger (freeze)
rCold    . . .     Faith    +   y - +0 kite shield
rNeg     + + .     Spirit   +   D - +2 scale mail {rN+}
rPois    .         Reflect  .   u - +2 hat of the Bear Spirit {Spirit, +Rage rN+ Will++}
rElec    .         Harm     .   c - +2 cloak
rCorr    .         Rampage  .   (no gloves)
Will     +++..                  (no boots)
Stlth    +++.......             v - amulet of faith
HPRegen  1.17/turn              h - +4 ring of evasion
MPRegen  0.15/turn              w - ring of protection from fire

@: about to teleport, slowed, very slow
A: fangs 3, regeneration 1, magic shield, antimagic bite, no potion heal 2
a: Renounce Religion, Evoke Berserk Rage, Stomp


You were on level 8 of the Dungeon.
You worshipped Uskayaw.
Uskayaw was noncommittal.
You visited 1 branch of the dungeon, and saw 8 of its levels.
You also visited: Sewer and Ossuary.

You collected 357 gold pieces.
You spent 224 gold pieces at shops.

Inventory:

Hand Weapons
 a - a +2 dagger of freezing (weapon)
 B - a +3 scimitar
Missiles
 d - 28 poisoned darts (quivered)
 e - 2 curare-tipped darts {!f}
 i - 3 throwing nets {!f}
 j - 9 boomerangs
 m - 2 boomerangs of dispersal
 z - 3 atropa-tipped darts
Armour
 c - a +2 cloak (worn)
 u - the +2 hat of the Bear Spirit (worn) {Spirit, +Rage rN+ Will++}
   (You found it on level 4 of the Dungeon)

   It protects you from negative energy.
   It lets you go berserk.
   It greatly increases your willpower.
 y - a +0 kite shield (worn)
 D - a +2 scale mail of positive energy (worn)
Jewellery
 h - a +4 ring of evasion (left hand)
 r - the ring of Zeng {Fire Fly Str+3 Int+4}
   (You found it on level 4 of the Dungeon)

   [ring of fire]

   It enhances your fire magic.
   It affects your strength (+3).
   It affects your intelligence (+4).
   It protects you from fire.
   It makes you vulnerable to cold.
   It grants you flight.
 s - a +6 ring of dexterity
 v - an amulet of faith (around neck)
 w - a ring of protection from fire (right hand)
 A - a ring of willpower
Wands
 k - a wand of flame (16)
 p - a wand of polymorph (8)
 C - a wand of digging (6)
Scrolls
 g - a scroll of identify
 o - 3 scrolls of teleportation
 t - 3 scrolls of fog
 F - a scroll of magic mapping
Potions
 b - 5 potions of curing
 l - 4 potions of flight
 q - a potion of ambrosia
 x - 2 potions of lignification
 E - 3 potions of mutation


   Skills:
 + Level 5.5 Fighting
 - Level 10.0 Short Blades
 - Level 1.7 Throwing
 - Level 2.0 Dodging
 + Level 8.0 Stealth
 + Level 7.3 Invocations


You had 9 spell levels left.
You didn't know any spells.
Your spell library contained the following spells:

 Spells                   Type           Power      Damage    Failure   Level
 Animate Skeleton         Necr           0%         N/A       100%        1
 Apportation              Tloc           0%         N/A       100%        1
 Corona                   Hex            0%         N/A       100%        1
 Summon Small Mammal      Summ           0%         N/A       100%        1
 Poisonous Vapours        Pois/Air       0%         N/A       100%        2
 Conjure Flame            Conj/Fire      0%         6-21      100%        3
 Mephitic Cloud           Conj/Pois/Air  0%         N/A       100%        3
 Freezing Cloud           Conj/Ice/Air   0%         6-21      100%        6


Dungeon Overview and Level Annotations

Branches:
Dungeon (8/15)             Temple (0/1) D:4           Sewer (visited)
Ossuary (visited)
   Lair: D:8-11

Altars:
Dithmenos
Elyvilon
Fedhas
Nemelex Xobeh
Qazlal
Trog
Uskayaw
The Shining One

Shops:
D:2 :   D:3 [   D:7 *

Annotations:
D:5 Grinder
D:7 exclusion: skeletal warrior


Innate Abilities, Weirdness & Mutations

You have razor-sharp teeth.
Your natural rate of healing is unusually fast.
When hurt, damage is shared between your health and your magic reserves.
Your bite disrupts and absorbs the magic of your enemies.
Potions cannot restore your health.


Message History

You now have 133 gold pieces (gained 14).
A hornet comes into view.
Found 18 gold pieces.
The hornet buzzes angrily.
The hornet barely misses you. x2
You closely miss the hornet. Your bite misses the hornet.
You block the hornet's attack.
You hit the hornet but do no damage. Your bite misses the hornet.
The hornet stings you!
You suddenly lose the ability to move!
The hornet stings you!
You feel yourself slow down. The hornet stings you!
You feel as though you will be slow longer.
The hornet stings you but does no damage.
You can move again.
Unknown command.
Unknown command.
You closely miss the hornet. The hornet stings you!
You feel as though you will be slow longer.
The hornet stings you!
* * * LOW HITPOINT WARNING * * *
You are poisoned.
You feel as though you will be slow longer.
Unknown command.
Unknown command.
Aiming: Polymorph
Press: ? - help, Shift-Dir - straight line, f - hornet
Aim: a hornet (will become a harpy, a fire bat, or a rime drake, chance to affect: 37%)
Okay, then.
Unknown command.
As you read the scroll of teleportation, it crumbles to dust.
You feel strangely unstable.
You feel very sick. The hornet stings you!
* * * LOW HITPOINT WARNING * * *
You feel as though you will be slow longer.
The hornet stings you!
* * * LOW HITPOINT WARNING * * *
You are lethally poisoned!
You feel as though you will be slow longer.
Your system rejects the healing.
You feel better. The hornet stings you.
You die...

...#### #.#
...#######.#
.........#.#
###
.........#.#
..#
.........#?#
#.#
.........#.#
#$#
.........#.#
#.# #######
.........#.#
#y# #.....#
.....†...†.#
#@# #.#.###
.........###
#.# #.#.#
.>.......#
#.# #.#.#
.........####
#.# #.#.#
.†..........#
#.# #.#.#
............#
#.# #.#.#
............#
#.# #.#.#
....#########
##.# #.#.#
....#
##..###.#.#


You could see a hornet.

Vanquished Creatures
  Pikel (D:7)
  A troll (D:7)
  A slime creature (D:7)
  2 wyverns (D:7)
  Eustachio (D:5)
  A water moccasin (D:8)
  3 ice beasts
  4 sky beasts
  3 black bears
  3 necrophages
  A centaur (D:5)
  An ogre (D:7)
  2 lemures (D:7)
  2 kobold brigands
  A bullfrog (D:8)
  3 scorpions
  A wyvern skeleton (D:7)
  5 water moccasin zombies (Ossuary)
  A water moccasin skeleton (D:5)
  5 wights (D:7)
  5 howler monkeys
  A bullfrog zombie (D:5)
  A hound (D:5)
  2 jellies
  3 orc priests
  A centaur skeleton (D:5)
  3 bullfrog skeletons
  2 gnoll shamans
  2 iguanas (D:6)
  6 orc wizards
  A hound zombie (D:5)
  2 mummies (Ossuary)
  14 gnolls
  12 adders
  2 river rats (Sewer)
  4 white imps
  An ufetubus (D:7)
  An adder skeleton (D:4)
  3 adder zombies (Ossuary)
  2 worms
  2 dart slugs (D:2)
  15 orcs
  3 endoplasms
  3 giant cockroaches
  6 gnoll zombies (Ossuary)
  10 goblins
  6 hobgoblins
  10 jackals
  4 quokkas
  5 ball pythons
  9 bats
  3 frilled lizards
  6 hobgoblin zombies (Ossuary)
  10 kobolds
  5 kobold zombies (Ossuary)
  4 orc zombies (Ossuary)
  7 rats
218 creatures vanquished.

Notes
Turn   | Place    | Note
-------+----------+-------------------------------------------
     0 | D:1      | tilp the Vine Stalker Brigand began the quest for the Orb.
     0 | D:1      | Reached XP level 1. HP: 11/11 MP: 2/2
    27 | D:1      | Reached skill level 2 in Short Blades
    27 | D:1      | Reached XP level 2. HP: 15/15 MP: 3/3
   348 | D:1      | Reached XP level 3. HP: 19/19 MP: 4/4
   890 | D:2      | Reached skill level 3 in Short Blades
   890 | D:2      | Gained mutation: Your natural rate of healing is unusually
                  | fast. [Vine Stalker growth]
   890 | D:2      | Reached XP level 4. HP: 9/24 MP: 2/5
  1028 | D:2      | Found Enteikken's Book Shop.
  1628 | D:2      | Reached XP level 5. HP: 26/28 MP: 6/6
  2246 | D:3      | Found a sparkling altar of Nemelex Xobeh.
  2486 | D:3      | Found a white marble altar of Elyvilon.
  2528 | D:3      | Found a faded altar of an unknown god.
  2536 | D:3      | Found Wuudylle's Antique Armour Boutique.
  2575 | D:3      | Reached skill level 4 in Short Blades
  2595 | D:3      | Found a bloodstained altar of Trog.
  3041 | D:4      | Reached skill level 1 in Dodging
  3041 | D:4      | Reached skill level 5 in Stealth
  3041 | D:4      | Reached XP level 6. HP: 33/33 MP: 7/7
  3317 | D:4      | Identified the ring of Zeng {Fire Fly Str+3 Int+4}
  3408 | D:4      | Found a stormy altar of Qazlal.
  3411 | D:4      | Found a blossoming altar of Fedhas.
  3412 | D:4      | Found a hide-covered altar of Uskayaw.
  3440 | D:4      | Became a worshipper of Uskayaw the Reveller
  3593 | D:4      | Reached * piety under Uskayaw
  3634 | D:4      | Found a staircase to the Ecumenical Temple.
  3671 | D:4      | Found the +2 hat of the Bear Spirit {Spirit, +Rage rN+
                  | Will++}
  3896 | D:5      | Entered Level 5 of the Dungeon
  3932 | D:5      | Noticed a black bear
  3933 | D:5      | Noticed a necrophage
  3938 | D:5      | Killed a black bear
  3938 | D:5      | Reached ** piety under Uskayaw
  3939 | D:5      | Reached XP level 7. HP: 37/37 MP: 8/8
  3941 | D:5      | Reached skill level 5 in Short Blades
  4007 | D:5      | Reached *** piety under Uskayaw
  4017 | D:5      | Reached **** piety under Uskayaw
  4090 | D:5      | Noticed Eustachio
  4094 | D:5      | Reached ***** piety under Uskayaw
  4103 | D:5      | Reached skill level 6 in Short Blades
  4112 | D:5      | Gained mutation: You have razor-sharp teeth. [Vine Stalker
                  | growth]
  4112 | D:5      | Reached XP level 8. HP: 33/42 MP: 9/9
  4112 | D:5      | Reached ****** piety under Uskayaw
  4122 | D:5      | Killed Eustachio
  4123 | D:5      | Reached skill level 7 in Short Blades
  4675 | D:5      | Noticed Grinder
  4797 | D:5      | Reached skill level 8 in Short Blades
  4797 | D:5      | Reached skill level 1 in Invocations
  5224 | D:6      | Reached XP level 9. HP: 39/45 MP: 10/12
  5324 | D:6      | Found a glowing golden altar of the Shining One.
  5356 | D:6      | Found a glowing drain.
  5365 | Sewer    | Entered a sewer
  5368 | Sewer    | Reached skill level 9 in Short Blades
  5479 | Sewer    | Found a white marble altar of Elyvilon.
  6146 | D:7      | Reached skill level 5 in Invocations
  6682 | D:7      | Noticed Pikel
  6698 | D:7      | Killed Pikel
  6699 | D:7      | Reached skill level 10 in Short Blades
  6699 | D:7      | Reached XP level 10. HP: 51/51 MP: 12/15
  6874 | D:7      | Found Poomyrr's Elemental Accessories.
  7155 | D:7      | Reached skill level 5 in Fighting
  7333 | D:7      | Noticed a skeletal warrior
  7480 | D:3      | Bought a glowing scale mail for 224 gold pieces
  7765 | D:8      | Found a shadowy altar of Dithmenos.
  7775 | D:8      | Found a sand-covered staircase.
  7781 | Ossuary  | Entered an ossuary
  8069 | D:8      | Paralysed by a hornet for 2 turns
  8073 | D:8      | HP: 2/51 [hornet (9)]
  8074 | D:8      | Slain by a hornet

Illustrated notes

Levels and vault maps discovered:
D:1:      lemuel_arrival_funnel, layout_basic
D:2:      minmay_evil_eye, layout_basic, serial_shops, shop_statue
D:3:      layout_loops_cross, lemuel_round_altar, trog_book,
          nemelex_dance_club_becter, ebering_ecumenical_altar_box, serial_shops,
          nicolae_shop_temple_entry_statues_fountains, serial_bayou_ford_a,
          corexii_hall_statues_l, minmay_goblin_outpost
D:4:      layout_loops_ring, gammafunk_temple_overflow_forgotten,
          minmay_temple_entry_enclosed_plants
D:5:      minmay_octagon_keep, layout_basic, uniq_grinder, uniq_eustachio
D:6:      layout_basic, lemuel_tele_altar, serial_curves, eino_curves_01,
          eino_curves_01, portal_sewer_entry_d
D:7:      minmay_general_purpose_star, layout_basic, kennysheep_nub,
          minivault_10, nicolae_elemental_shop, minmay_manual_macuahuitl,
          uniq_pikel
D:8:      layout_basic, general_overflow_altar, kennysheep_mini,
          nicolae_ossuary_entry_monument

Skill      XL: |  1  2  3  4  5  6  7  8  9 10 |
---------------+-------------------------------+-----
Fighting       | 2 3 4 5 |  5.5
Short Blades   | 2 3 4 6 8 10 | 10.0
Dodging        | 1 2 |  2.0
Stealth        | 5 6 8 |  8.0
Invocations    | 3 6 7 |  7.3
Throwing       | |  1.7

Action                   |  1- 3 |  4- 6 |  7- 9 | 10-12 || total
-------------------------+-------+-------+-------+-------++-------
Melee: Dagger            |    63 |   229 |   421 |   206 ||   919
       Bite              |    20 |    67 |   184 |    77 ||   348
Throw: Dart              |     4 |     1 |    17 |     2 ||    24
Invok: Line Pass         |       |       |     1 |       ||     1
  Use: Scroll            |       |    10 |     7 |     5 ||    22
       Potion            |       |       |       |     1 ||     1
 Stab: Sleeping          |     3 |    13 |     2 |     6 ||    24
       Distracted        |       |     1 |     1 |       ||     2
       Paralysed         |       |       |    14 |    10 ||    24
       Confused          |       |       |     1 |       ||     1
Armor: Robe              |     5 |       |       |       ||     5
       Ring mail         |     7 |    25 |       |       ||    32
       Scale mail        |       |    13 |    93 |    41 ||   147
Dodge: Dodged            |    33 |   116 |   163 |    53 ||   365
Block: Kite shield       |       |       |    30 |    54 ||    84

Table legend: (Time is in decaauts)
 A = Elapsed time spent in this place.
 B = Non-inter-level travel time spent in this place.
 C = Inter-level travel time spent in this place.
 D = Time resting spent in this place.
 E = Time spent auto-exploring this place.
 F = Levels seen in this place.
 G = Mean time per level.
                   A        B        C        D        E       F      G
               +--------+--------+--------+--------+--------+-----+--------+
         Total |   7908 |   7349 |    559 |    393 |   5182 |  10 |  790.8 |
       Dungeon |   7540 |   6981 |    559 |    370 |   5032 |   8 |  942.5 |
         Sewer |    166 |    166 |      0 |      0 |    127 |   1 |  166.0 |
       Ossuary |    201 |    201 |      0 |     23 |     23 |   1 |  201.0 |
               +--------+--------+--------+--------+--------+-----+--------+

Top non-repeatable levels by time:
     D:7: 1369 daAuts
     D:5: 1271 daAuts
     D:2: 1171 daAuts
     D:3: 1024 daAuts
     D:4: 916 daAuts
     D:1: 877 daAuts
     D:6: 697 daAuts
     D:8: 212 daAuts
 Ossuary: 201 daAuts
   Sewer: 166 daAuts
